[Event "Titled Tuesday Blitz March 29 Late 2022"]
[White "Rytenko, Vsevolod"]
[Black "Godzwon, Iwo"]
[WhiteFideId "14133040"]
[BlackFideId "21802483"]
[WhiteElo "2120"]
[BlackElo "2201"]
[Result "0-1"]
[Round "02"]
[TimeControl "180+1"]
[Date "2022.03.30"]
[WhiteClock "0:00:01"]
[BlackClock "0:00:32"]

1. d3 d5 2. Nf3 Nf6 3. g3 Bf5 4. Bg2 e6 5. O-O h6 6. c4 c6 7. b3 Nbd7 8. Bb2 Be7 9. Nc3 O-O 10. Rc1 Bh7 11. Rc2 Re8 12. Qb1 a6 13. Qa1 b5 14. Rd2 Qb6 15. e4 dxe4 16. dxe4 Nc5 17. b4 Ncxe4 18. c5 Qb7 19. Nxe4 Bxe4 20. Ne5 Bxg2 21. Kxg2 a5 22. Rfd1 Nd5 23. Ng4 Bf8 24. Rd4 axb4 25. R1d3 f5 26. Ne5 Bxc5 27. Rh4 Bd6 28. Nf3 Be7 29. Rh5 Bf6 30. Bxf6 Nxf6 31. Rxh6 gxh6 32. Qxf6 Qg7 33. Qh4 c5 34. Rd6 Ra7 35. Qh5 Raa8 36. Rc6 Rac8 37. h4 Qf7 38. Qxh6 Rxc6 39. Ne5 Qg7 40. Qh5 Rcc8 41. Nf3 c4 42. Ng5 c3 43. Qd1 c2 44. Qc1 Rc3 45. Nh3 Qb7+ 46. Kh2 Qg7 47. Nf4 Qg4 48. Ng2 Kf7 49. Nf4 Qd1 0-1


[Site "https://www.chess.com"]

[Event "Titled Tuesday Blitz March 29 Late 2022"]
[White "Sanchez, Robert"]
[Black "Kosakowski, Jakub"]
[WhiteFideId "2034360"]
[BlackFideId "1185080"]
[WhiteElo "2288"]
[BlackElo "2476"]
[Result "0-1"]
[Round "02"]
[TimeControl "180+1"]
[Date "2022.03.30"]
[WhiteClock "0:01:35"]
[BlackClock "0:01:35"]

1. e4 e6 2. d4 d5 3. Nd2 Nf6 4. e5 Nfd7 5. Bd3 c5 6. c3 Nc6 7. Ne2 cxd4 8. cxd4 f6 9. exf6 Nxf6 10. Nf3 Bd6 11. h3 O-O 12. O-O Qc7 13. Be3 Bd7 14. Nc3 a6 15. Rc1 Rae8 16. Na4 Qb8 17. Nc5 Bxc5 18. Rxc5 Nb4 19. Bb1 Bb5 20. Re1 Ne4 21. Rc1 a5 22. Bxe4 dxe4 23. Ne5 Nd5 24. a4 Bc6 25. Qd2 Nb4 26. Bf4 Qd8 27. Nxc6 bxc6 28. Rxe4 Qd5 29. Re5 Qb3 30. Rc3 Qxa4 31. Rg3 Qc2 32. Qxc2 Nxc2 33. Rxa5 Rxf4 0-1


[Site "https://www.chess.com"]

[Event "Titled Tuesday Blitz March 29 Late 2022"]
[White "Sarana, Alexey"]
[Black "Goltsev, Dmitry"]
[WhiteFideId "24133795"]
[BlackFideId "24176710"]
[WhiteElo "2666"]
[BlackElo "2273"]
[Result "1-0"]
[Round "02"]
[TimeControl "180+1"]
[Date "2022.03.29"]
[WhiteClock "0:00:56"]
[BlackClock "0:00:01"]

1. d4 Nf6 2. c4 e6 3. Nc3 Bb4 4. e3 Qe7 5. Bd2 b6 6. Bd3 Bb7 7. f3 a5 8. Nge2 d6 9. O-O Nbd7 10. Be1 e5 11. Nb5 Bxe1 12. Nxc7+ Kd8 13. Nxa8 Bh4 14. Nxb6 Nxb6 15. Qd2 Kc7 16. c5 dxc5 17. dxc5 Nbd5 18. Qxa5+ Kb8 19. Rac1 Bc6 20. Bb5 Qc7 21. Qa4 Bxb5 22. Qxb5+ Qb7 23. Qa4 Bg5 24. f4 exf4 25. exf4 Bh6 26. Rf3 Kc7 27. Qa5+ Kc8 28. Rb3 Qc6 29. Nd4 Qc7 30. Qa6+ Kd7 31. Rb7 Bxf4 32. Rxc7+ Kxc7 33. Nb5+ Kd7 34. Rd1 Rc8 35. Qb7+ Kd8 36. Rxd5+ Nxd5 37. Qxd5+ Ke7 1-0


[Site "https://www.chess.com"]

[Event "Titled Tuesday Blitz March 29 Late 2022"]
[White "Shimanov, Aleksandr"]
[Black "Ambartsumova, Karina"]
[WhiteFideId "4198603"]
[BlackFideId "4166299"]
[WhiteElo "2636"]
[BlackElo "2262"]
[Result "1-0"]
[Round "02"]
[TimeControl "180+1"]
[Date "2022.03.29"]
[WhiteClock "0:00:11"]
[BlackClock "0:00:01"]

1. d4 Nf6 2. Nc3 d5 3. Bf4 g6 4. e3 Bg7 5. h4 h5 6. Nf3 O-O 7. Ne5 c5 8. Be2 Nc6 9. Qd2 cxd4 10. exd4 Qb6 11. Nxc6 Qxc6 12. f3 a6 13. Be5 b5 14. Bd3 b4 15. Ne2 a5 16. a3 Ba6 17. O-O Bxd3 18. Qxd3 Rac8 19. Rfc1 Qb7 20. axb4 axb4 21. Qb3 Rc4 22. Nf4 Rfc8 23. Nd3 Nd7 24. Bxg7 Kxg7 25. Ra4 Rxd4 26. Rxb4 Rxb4 27. Qxb4 Qxb4 28. Nxb4 e6 29. Nd3 Nb6 30. Kf2 f6 31. f4 Kf7 32. b3 Nd7 33. Ke3 e5 34. c3 Ke6 35. fxe5 fxe5 36. b4 Nf6 37. Nc5+ Kd6 38. Ra1 Ng4+ 39. Kd3 Nf2+ 40. Ke3 Ng4+ 41. Ke2 Rc6 42. Ra7 e4 43. g3 Ke5 44. Re7+ Kf6 45. Rd7 Ke5 46. Rd8 Nf6 47. Rf8 Rd6 48. b5 Kf5 49. Nb3 Kg4 50. Kf2 Rb6 51. Nd4 Nd7 52. Rf4+ Kh3 53. Rf7 Ne5 54. Re7 Ng4+ 55. Ke2 Kxg3 56. Re6 Rb8 57. Rxg6 Kxh4 58. b6 Ne5 59. Nf5+ Kh3 60. Rg3+ Kh2 61. Rg5 Rxb6 62. Rxh5+ Kg1 63. Rg5+ Kh2 64. Ne7 Nc4 65. Nxd5 Rb2+ 66. Kd1 e3 67. Rg4 Rd2+ 68. Ke1 Rxd5 69. Rxc4 Kg3 70. Ke2 Re5 71. Rd4 Rc5 72. c4 Re5 73. Rd5 Re8 74. Rd4 Re7 75. c5 1-0


[Site "https://www.chess.com"]

[Event "Titled Tuesday Blitz March 29 Late 2022"]
[White "Shton, Roman"]
[Black "Gledura, Benjamin"]
[WhiteFideId "14137461"]
[BlackFideId "712779"]
[WhiteElo "2013"]
[BlackElo "2326"]
[Result "0-1"]
[Round "02"]
[TimeControl "180+1"]
[Date "2022.03.30"]
[WhiteClock "0:00:11"]
[BlackClock "0:01:08"]

1. d4 Nf6 2. Nf3 d6 3. c4 Nbd7 4. Nc3 e5 5. g3 g6 6. Bg2 Bg7 7. O-O O-O 8. Qc2 Re8 9. Rd1 exd4 10. Nxd4 a6 11. Bc6 Ng4 12. Bd5 c6 13. Bf3 Nde5 14. Ne4 Nxf3+ 15. exf3 Ne5 16. c5 dxc5 17. Nxc6 Nxf3+ 18. Kg2 Qc7 19. Qxc5 bxc6 20. Nd6 Re5 21. Ne8 Bh3+ 22. Kxf3 Raxe8 23. Qd6 Qc8 24. Bf4 Qg4# 0-1


[Site "https://www.chess.com"]

[Event "Titled Tuesday Blitz March 29 Late 2022"]
[White "Sjugirov, Sanan"]
[Black "Harshavardhan G B"]
[WhiteFideId "4189302"]
[BlackFideId "25059009"]
[WhiteElo "2602"]
[BlackElo "1831"]
[Result "1-0"]
[Round "02"]
[TimeControl "180+1"]
[Date "2022.03.29"]
[WhiteClock "0:00:30"]
[BlackClock "0:01:04"]

1. d4 Nf6 2. c4 e6 3. Nf3 b6 4. g3 Ba6 5. b3 Bb4+ 6. Bd2 Be7 7. Bg2 c6 8. Bc3 d5 9. Nbd2 Nbd7 10. O-O O-O 11. Rc1 Rc8 12. Re1 c5 13. cxd5 Nxd5 14. Bb2 cxd4 15. Nxd4 Bf6 16. Ne4 Be5 17. Qd2 Nc5 18. Nxc5 bxc5 19. Nxe6 fxe6 20. Bxe5 c4 21. bxc4 Bxc4 22. Qd4 Bxa2 23. Qxa7 Qg5 24. f4 Qg6 25. Qxa2 Ne3 26. Bf3 h5 27. Qb3 Ng4 28. Bxg4 hxg4 29. Qd3 Qe8 30. Rxc8 Qxc8 31. Rd1 Qc5+ 32. Qd4 Qc2 33. Bxg7 Rf7 34. Be5 Qxe2 35. Qd8+ Rf8 36. Qg5+ 1-0


[Site "https://www.chess.com"]

[Event "Titled Tuesday Blitz March 29 Late 2022"]
[White "Smirnov, Pavel"]
[Black "Adewumi, Tanitoluwa"]
[WhiteFideId "4123425"]
[BlackFideId "30966396"]
[WhiteElo "2545"]
[BlackElo "2561"]
[Result "0-1"]
[Round "02"]
[TimeControl "180+1"]
[Date "2022.03.29"]
[WhiteClock "0:00:27"]
[BlackClock "0:00:16"]

1. e4 c5 2. c3 Nc6 3. d4 cxd4 4. cxd4 d5 5. Nc3 Nf6 6. exd5 Nxd5 7. Nf3 Bg4 8. Qb3 Bxf3 9. gxf3 e6 10. Qxb7 Nxd4 11. Bb5+ Nxb5 12. Qc6+ Ke7 13. Qc5+ Nd6 14. Nxd5+ exd5 15. O-O Qc8 16. Qxd5 Qb7 17. Re1+ Kd7 18. Qd1 Re8 19. Qa4+ Qc6 20. Qxa7+ Qb7 21. Qa4+ Qb5 22. Qa7+ Qb7 23. Qa4+ Qc6 24. Qxc6+ Kxc6 25. Rxe8 Nxe8 26. Be3 Nc7 27. a4 Bb4 28. Rc1+ Kb7 29. Rc4 Nd5 30. Bd4 f6 31. Kf1 Rc8 32. Rxc8 Kxc8 33. Ke2 Kb7 34. Kd3 Kc6 35. Kc4 Ba5 36. Bc5 Nb6+ 37. Kd4 Nxa4 38. Bf8 g6 39. Be7 f5 40. Ke5 Kd7 41. Kf6 Nxb2 42. Kf7 Nd3 43. Bf6 Nxf2 44. Kg7 Ke6 45. Bd4 Nh3 46. Kxh7 Kf7 47. Be3 f4 48. Bc1 Bb6 49. Kh6 Be3 50. Ba3 Ng1 51. Kg5 Nxf3+ 52. Kg4 Nxh2+ 53. Kh3 Nf3 54. Kg2 Ne5 55. Kf1 Ke6 56. Ke2 Kf5 57. Bd6 Ke4 58. Bc7 f3+ 59. Kf1 f2 60. Kg2 Nd3 61. Bg3 Ne1+ 62. Kf1 Nf3 63. Ke2 g5 64. Bxf2 Bxf2 65. Kxf2 Kf4 66. Kg2 g4 67. Kh1 g3 68. Kg2 Nh4+ 69. Kh1 g2+ 70. Kg1 Kf3 71. Kh2 Kf2 72. Kh3 g1=Q 73. Kxh4 Qg6 74. Kh3 Qh5# 0-1


[Site "https://www.chess.com"]

[Event "Titled Tuesday Blitz March 29 Late 2022"]
[White "Spata, German"]
[Black "Jarocka, Liwia"]
[WhiteFideId "113026"]
[BlackFideId "21807558"]
[WhiteElo "2238"]
[BlackElo "1896"]
[Result "1/2-1/2"]
[Round "02"]
[TimeControl "180+1"]
[Date "2022.03.30"]
[WhiteClock "0:02:15"]
[BlackClock "0:02:42"]

1. Nf3 b6 2. b3 Bb7 3. Bb2 Nf6 4. e3 g6 5. Be2 Bg7 6. O-O O-O 7. c4 c5 8. d4 cxd4 9. Nxd4 d5 10. Nc3 Nbd7 11. Rc1 Rc8 12. Bf3 Ne5 13. cxd5 Nxf3+ 14. Qxf3 Nxd5 15. Nxd5 Qxd5 16. Qxd5 Bxd5 17. Rxc8 Rxc8 18. Rc1 Rxc1+ 19. Bxc1 Bxd4 20. exd4 e6 21. f3 Kf8 22. Bf4 a6 1/2-1/2


[Site "https://www.chess.com"]

[Event "Titled Tuesday Blitz March 29 Late 2022"]
[White "Srinath, Rao S.V."]
[Black "Ider, Borya"]
[WhiteFideId "5028876"]
[BlackFideId "4901134"]
[WhiteElo "2181"]
[BlackElo "2512"]
[Result "0-1"]
[Round "02"]
[TimeControl "180+1"]
[Date "2022.03.29"]
[WhiteClock "0:00:35"]
[BlackClock "0:01:10"]

1. e4 Nf6 2. e5 Ng8 3. d4 d6 4. Nf3 dxe5 5. Nxe5 Nf6 6. Bc4 e6 7. O-O Nbd7 8. Nf3 c5 9. dxc5 Bxc5 10. Bg5 Qc7 11. Nbd2 a6 12. a4 b6 13. Qe2 Bb7 14. Bh4 O-O 15. Bg3 Qc6 16. Bd3 h6 17. Rfe1 Rfd8 18. c3 Bd6 19. Bxd6 Qxd6 20. Ne4 Qf4 21. Rad1 Kf8 22. Nxf6 Nxf6 23. Bc2 Bxf3 24. Qxf3 Qxf3 25. gxf3 a5 26. Bd3 Ke7 27. Bb5 Nh5 28. Kg2 Nf4+ 29. Kg3 g5 30. h4 Kf6 31. Rxd8 Rxd8 32. b4 e5 33. bxa5 bxa5 34. c4 gxh4+ 35. Kh2 Rd2 36. Rf1 Rc2 37. Kg1 h3 38. Kh2 Kg5 39. Kg3 h5 40. Ba6 h4+ 41. Kh2 Kf6 42. Bb5 Ke7 43. Ba6 Kd6 44. Rd1+ Kc5 45. Kg1 h2+ 46. Kxh2 Rxf2+ 47. Kg1 Rxf3 48. Rd8 Rg3+ 49. Kh1 e4 50. Re8 e3 51. Re4 e2 52. Kh2 f5 53. Re8 Rh3+ 54. Kg1 Rf3 0-1


[Site "https://www.chess.com"]

[Event "Titled Tuesday Blitz March 29 Late 2022"]
[White "Stanisz, Patryk"]
[Black "Cervantes Landeiro, Thalia"]
[WhiteFideId "1123106"]
[BlackFideId "3520498"]
[WhiteElo "1876"]
[BlackElo "2021"]
[Result "1-0"]
[Round "02"]
[TimeControl "180+1"]
[Date "2022.03.30"]
[WhiteClock "0:00:12"]
[BlackClock "0:00:08"]

1. Nf3 d5 2. d4 Nf6 3. c4 dxc4 4. e3 e6 5. Bxc4 c5 6. O-O Nc6 7. Qe2 a6 8. a4 cxd4 9. Rd1 Be7 10. Nxd4 Nxd4 11. Rxd4 Qc7 12. b3 O-O 13. Bb2 Bd7 14. Nd2 b5 15. Bd3 bxa4 16. bxa4 Rab8 17. Nf3 Qb6 18. Rb1 Bc6 19. Ne5 Bd5 20. h4 Ba2 21. Nc4 Qb7 22. Na5 Qc7 23. Ra1 Bd5 24. Nc4 e5 25. Rxd5 Nxd5 26. Bxe5 Qd7 27. Bxb8 Rxb8 28. Ne5 Qe6 29. f4 Bxh4 30. Qh5 Qh6 31. Qxf7+ Kh8 32. Qxd5 Bf6 33. Ng4 Qh4 34. Nxf6 Qxf6 35. Qe4 Qxa1+ 36. Kf2 g6 37. Bxa6 Qb2+ 38. Kf3 Qf6 39. Bd3 Rf8 40. Qd4 Qxd4 41. exd4 Ra8 42. Bb5 Kg7 43. Ke4 Kf6 44. d5 Rd8 45. Bc6 Rb8 46. Kd4 Rb4+ 47. Kc5 Rxf4 48. d6 Rf1 49. a5 Rc1+ 50. Kb6 Ke6 51. d7 Ke7 52. a6 Kd8 53. a7 Rb1+ 54. Bb5 Ra1 55. Ba6 Rb1+ 56. Kc5 Rc1+ 57. Kd6 Rd1+ 58. Ke6 Re1+ 59. Kf6 Ra1 60. a8=Q+ Kxd7 61. Bc8+ Kc7 62. Qxa1 Kxc8 63. Qd4 Kc7 64. Kg7 Kc6 65. Kxh7 Kb7 66. Kxg6 Ka6 67. Kf6 Ka5 68. Ke6 Kb5 69. Qc3 Ka4 70. Qb2 Ka5 71. Kd5 Ka6 72. Kc6 Ka7 73. Qb7# 1-0


[Site "https://www.chess.com"]

[Event "Titled Tuesday Blitz March 29 Late 2022"]
[White "Suder, Jakub"]
[Black "Ibarra Jerez, Jose Carlos"]
[WhiteFideId "1195310"]
[BlackFideId "2226332"]
[WhiteElo "2058"]
[BlackElo "2626"]
[Result "0-1"]
[Round "02"]
[TimeControl "180+1"]
[Date "2022.03.29"]
[WhiteClock "0:00:15"]
[BlackClock "0:00:57"]

1. d4 Nf6 2. c4 d6 3. Nc3 e5 4. Nf3 e4 5. Ng5 Qe7 6. h4 h6 7. Nh3 g6 8. e3 c6 9. Be2 h5 10. b3 Bg7 11. Bb2 O-O 12. Qc2 a6 13. Ng5 Bf5 14. d5 c5 15. a4 Nbd7 16. a5 Rfe8 17. Na4 Ne5 18. Bxe5 Qxe5 19. Rb1 Rac8 20. Nh3 Bh6 21. Qc3 Qe7 22. g3 Ng4 23. Nf4 Bg7 24. Qd2 Ne5 25. Nb6 Rc7 26. O-O Nf3+ 27. Bxf3 exf3 28. Rbc1 Be4 29. Rfd1 Be5 30. Qe1 Kg7 31. Na4 Rh8 32. Nc3 Bf5 33. Ra1 g5 34. hxg5 Qxg5 35. e4 Bg4 36. Qe3 Qf6 37. Rac1 h4 38. Kf1 hxg3 39. fxg3 Bd4 40. Rxd4 cxd4 41. e5 Rh1+ 0-1


[Site "https://www.chess.com"]

[Event "Titled Tuesday Blitz March 29 Late 2022"]
[White "Szente Varga, Fruzsina"]
[Black "Batsiashvili, Nino"]
[WhiteFideId "712264"]
[BlackFideId "13602993"]
[WhiteElo "1994"]
[BlackElo "2192"]
[Result "0-1"]
[Round "02"]
[TimeControl "180+1"]
[Date "2022.03.30"]
[WhiteClock "0:00:17"]
[BlackClock "0:00:18"]

1. e4 e5 2. Nf3 Nc6 3. Nc3 Nf6 4. d4 exd4 5. Nd5 Bb4+ 6. Nxb4 Nxb4 7. e5 Ne4 8. Nxd4 d5 9. a3 Nc6 10. Bb5 Bd7 11. Bxc6 bxc6 12. O-O O-O 13. f3 Nc5 14. f4 Ne4 15. f5 c5 16. Ne2 d4 17. Rf4 Bc6 18. Rg4 Qd5 19. Bf4 f6 20. exf6 Nxf6 21. Rg5 h6 22. Rg3 Qxf5 23. Bxh6 Rf7 24. Qd2 Ne4 25. Qd3 Nxg3 26. Qxg3 Re8 27. Nf4 Qxc2 28. Rf1 Bb5 29. Ra1 Qd2 30. h3 Qe3+ 31. Qxe3 dxe3 32. Bg5 e2 33. Re1 Rf5 34. h4 Re4 35. g3 c4 36. Kf2 Rfe5 37. Rxe2 Rxe2+ 38. Nxe2 Rxe2+ 39. Kxe2 c3+ 40. Kd1 cxb2 41. Kc2 Kf7 42. Kxb2 g6 43. Kc3 c6 44. Kb4 Ke6 45. Kc5 a6 46. Bf4 Kf5 47. Bd6 Kg4 48. Bf4 a5 49. Bc7 a4 50. Bf4 Kf5 51. Bd6 Ke4 52. Bf4 Kd3 53. Be5 Kc2 54. Kb4 Kb1 55. Bd6 Ka2 56. Kc3 Be2 57. Kd2 Bg4 58. Ke3 Kb3 59. Kd4 Bf5 60. Bc5 Bc2 61. Bb4 Bb1 62. Kc5 Be4 63. Kd6 Kc4 64. g4 Bf3 65. g5 Be4 66. Ke5 Bd3 67. Kf6 c5 68. Bd2 Kb3 69. Be3 c4 70. Bd4 c3 71. Be3 Kxa3 72. Ke5 Kb2 73. Kd4 Bf5 74. Kc4 c2 75. Bd4+ Kb1 76. Be3 c1=Q+ 77. Bxc1 Kxc1 78. Kb4 Bc2 79. Ka3 Kd2 80. Kb4 Ke3 0-1


[Site "https://www.chess.com"]

[Event "Titled Tuesday Blitz March 29 Late 2022"]
[White "Szpar, Milosz"]
[Black "Moral Garcia, Serafin"]
[WhiteFideId "1184989"]
[BlackFideId "2201925"]
[WhiteElo "2447"]
[BlackElo "2228"]
[Result "0-1"]
[Round "02"]
[TimeControl "180+1"]
[Date "2022.03.30"]
[WhiteClock "0:00:04"]
[BlackClock "0:00:19"]

1. e4 e5 2. Nf3 Nc6 3. Bc4 Bc5 4. c3 Nf6 5. d4 exd4 6. cxd4 Bb4+ 7. Nbd2 d5 8. exd5 Nxd5 9. O-O O-O 10. a3 Be7 11. h3 Nb6 12. Bd3 Nxd4 13. Nxd4 Qxd4 14. Nf3 Qd5 15. Qc2 h6 16. Be3 c6 17. Rad1 Qh5 18. Be4 Be6 19. Rfe1 Rfd8 20. Bd4 Bf8 21. b4 Bd5 22. Bh7+ Kh8 23. Ne5 Nd7 24. Nd3 Qg5 25. Be4 Bxe4 26. Rxe4 Nf6 27. Rf4 Nh5 28. Rg4 Qf5 29. Qc3 Rd5 30. Ne5 Rad8 31. Re1 Nf4 32. Bxa7 Rd1 33. Kh2 Rxe1 34. Qxe1 Kh7 35. Nf3 Bd6 36. Kh1 Nxh3 37. Rd4 Nf4 38. Qe4 Qxe4 39. Rxe4 Bc7 40. Re7 Nd5 41. Rxf7 Kg6 42. Rxc7 Nxc7 43. Bb6 Rd1+ 44. Kh2 Nd5 45. Bd4 Rd3 46. Bc5 Rxa3 47. b5 Rxf3 48. gxf3 cxb5 49. Kg3 Kf5 50. Bf8 Kf6 51. Bc5 b4 52. Bd4+ Kg6 53. f4 b3 54. Kf3 Nb4 55. Bb2 Nd3 56. Bc3 b2 0-1


[Site "https://www.chess.com"]

[Event "Titled Tuesday Blitz March 29 Late 2022"]
[White "Sztokbant, Bernardo Vainzoff"]
[Black "Tarigan, Gilbert Elroy"]
[WhiteFideId "2115956"]
[BlackFideId "7108133"]
[WhiteElo "2237"]
[BlackElo "1908"]
[Result "1/2-1/2"]
[Round "02"]
[TimeControl "180+1"]
[Date "2022.03.29"]
[WhiteClock "0:00:13"]
[BlackClock "0:00:07"]

1. e4 e6 2. d4 d5 3. Nd2 dxe4 4. Nxe4 Nd7 5. Nf3 Ngf6 6. Nxf6+ Nxf6 7. Bd3 c5 8. O-O cxd4 9. Nxd4 Be7 10. Re1 O-O 11. Nf3 b6 12. Ne5 Bb7 13. Qe2 Rc8 14. c4 Nd7 15. Rd1 Nxe5 16. Qxe5 Qc7 17. Qxc7 Rxc7 18. Bf4 Rcc8 19. Bxh7+ Kxh7 20. Rd7 Bf6 21. Rxb7 Rxc4 22. g3 Bxb2 23. Rb1 Bd4 24. Rd1 Bc5 25. Rxa7 Rc2 26. Rd2 Rxd2 27. Bxd2 Rd8 28. Be3 Bxe3 29. fxe3 Kg6 30. Rb7 Rd6 31. Kf2 Rd2+ 32. Kf3 Rxh2 33. Rxb6 Rxa2 34. Rb7 Kf6 35. Rc7 Ra6 36. Rb7 Rc6 37. Ra7 Rc5 38. Rb7 Rc4 39. Ra7 g5 40. g4 Rb4 41. Rc7 Rb5 42. Ra7 Kg6 43. Ra6 Rc5 44. Rb6 Rc1 45. Ra6 Rf1+ 46. Kg3 Kf6 47. Ra7 Ke5 48. Ra5+ Kf6 49. Rb5 Ra1 50. Rb7 Ra6 51. Kf3 Kg6 52. Rb8 Kg7 53. Rb7 Rc6 54. Ra7 Kg6 55. Ra8 f6 56. Re8 Kf7 57. Ra8 Rc1 58. Ra7+ Kg6 59. Ra6 Kf7 60. Ra7+ Ke8 61. Rb7 Rd1 62. Ke4 Rd7 63. Rb6 Ke7 64. Ra6 Rb7 65. Ra8 Kf7 66. Kf3 Rd7 67. Ra6 Re7 68. Rb6 f5 69. Rb5 Kf6 70. Rb6 Ke5 71. Rb8 Rh7 72. Rb5+ Kf6 73. gxf5 exf5 74. Rb6+ Kg7 75. Rc6 Rh3+ 76. Kf2 Rh6 77. Rc7+ Kg6 78. Rc5 Rh8 79. Rc6+ Kh5 80. Rf6 Kg4 81. Kg2 Ra8 82. Rf7 Ra2+ 83. Kf1 Ra5 84. Kf2 Ra2+ 85. Kf1 Rb2 86. Rf6 Rb5 87. Kf2 Ra5 88. Kf1 Ra2 89. Rf7 1/2-1/2


[Site "https://www.chess.com"]

[Event "Titled Tuesday Blitz March 29 Late 2022"]
[White "Tanenbaum, Zachary"]
[Black "Nikologorsky, Matfei"]
[WhiteFideId "2060850"]
[BlackFideId "24102474"]
[WhiteElo "2168"]
[BlackElo "2231"]
[Result "1-0"]
[Round "02"]
[TimeControl "180+1"]
[Date "2022.03.30"]
[WhiteClock "0:01:32"]
[BlackClock "0:00:20"]

1. e4 c5 2. Nf3 e6 3. d4 cxd4 4. Nxd4 a6 5. Nc3 Qc7 6. Bd3 Nc6 7. Be3 Nf6 8. O-O Ne5 9. h3 b5 10. f4 Nc4 11. Bxc4 Qxc4 12. e5 Nd5 13. Nxd5 Qxd5 14. Qe2 Bc5 15. Rad1 Qe4 16. f5 Bb7 17. Qf2 O-O 18. Qg3 Kh8 19. Kh2 Rae8 20. c3 exf5 21. Nxf5 Qxe5 22. Bxc5 Qxg3+ 23. Kxg3 Rg8 24. Nd6 Re3+ 25. Bxe3 1-0


[Site "https://www.chess.com"]

[Event "Titled Tuesday Blitz March 29 Late 2022"]
[White "Terrieux, Kevin"]
[Black "Naroditsky, Daniel"]
[WhiteFideId "622591"]
[BlackFideId "2026961"]
[WhiteElo "2482"]
[BlackElo "2608"]
[Result "0-1"]
[Round "02"]
[TimeControl "180+1"]
[Date "2022.03.29"]
[WhiteClock "0:00:04"]
[BlackClock "0:00:42"]

1. d4 Nf6 2. f3 d5 3. e4 dxe4 4. Nc3 exf3 5. Nxf3 Bf5 6. Ne5 e6 7. g4 Be4 8. Rg1 Bd5 9. g5 Nfd7 10. Nxd5 Nxe5 11. Nf4 Qxd4 12. Qxd4 Nf3+ 13. Kd1 Nxd4 14. c3 Nf5 15. Bb5+ Nc6 16. Kc2 O-O-O 17. Bxc6 bxc6 18. Nd3 Bd6 19. h3 e5 20. Rf1 g6 21. Nf2 Be7 22. Ne4 Rd5 23. Bd2 Rhd8 24. Rae1 Kb7 25. Rf3 c5 26. b3 c4 27. bxc4 Ra5 28. Kb3 Kc6 29. Ref1 Rb8+ 30. Kc2 Rxa2+ 31. Kd3 Rd8+ 32. Ke2 Bxg5 33. Nxg5 Rdxd2+ 0-1


[Site "https://www.chess.com"]

[Event "Titled Tuesday Blitz March 29 Late 2022"]
[White "Theodorou, Nikolas"]
[Black "Lewtak, Damian"]
[WhiteFideId "4262875"]
[BlackFideId "1141724"]
[WhiteElo "2472"]
[BlackElo "2362"]
[Result "1-0"]
[Round "02"]
[TimeControl "180+1"]
[Date "2022.03.30"]
[WhiteClock "0:02:23"]
[BlackClock "0:02:44"]

1. e4 c5 2. d4 cxd4 3. c3 dxc3 4. Nxc3 e6 5. Nf3 Nc6 6. Bf4 Bb4 7. Bd3 Nf6 8. O-O d5 9. e5 Nd7 10. Rc1 O-O 11. Bxh7+ Kxh7 12. Ng5+ Kg6 13. Qd3+ f5 14. Nxe6 1-0


[Site "https://www.chess.com"]

[Event "Titled Tuesday Blitz March 29 Late 2022"]
[White "Tiarks, Jann-Christian"]
[Black "Kadric, Denis"]
[WhiteFideId "12951595"]
[BlackFideId "14403803"]
[WhiteElo "2176"]
[BlackElo "2657"]
[Result "0-1"]
[Round "02"]
[TimeControl "180+1"]
[Date "2022.03.30"]
[WhiteClock "0:00:46"]
[BlackClock "0:01:08"]

1. e4 d6 2. d4 g6 3. Nc3 a6 4. a4 Bg7 5. Bg5 b6 6. f4 Nd7 7. Qd2 Bb7 8. Nf3 c5 9. O-O-O cxd4 10. Nxd4 Rc8 11. Be2 Ngf6 12. Bf3 Rc7 13. Rhe1 e5 14. Ndb5 axb5 15. Nxb5 O-O 16. Qxd6 Rc6 17. Bxf6 Rxd6 18. Rxd6 Bxf6 19. Red1 Bc8 20. Bg4 Be7 21. R6d5 f5 22. exf5 gxf5 23. Bh5 exf4 24. Nd4 Rf6 25. Bf3 Qc7 26. Nxf5 Nf8 27. Nxe7+ Qxe7 28. Rd8 Bf5 29. Ra8 Qc5 30. c3 Rd6 31. Re1 Qf2 0-1


[Site "https://www.chess.com"]

[Event "Titled Tuesday Blitz March 29 Late 2022"]
[White "Van Foreest, Jorden"]
[Black "Goryachkina, Aleksandra"]
[WhiteFideId "1039784"]
[BlackFideId "4147103"]
[WhiteElo "2609"]
[BlackElo "2426"]
[Result "1/2-1/2"]
[Round "02"]
[TimeControl "180+1"]
[Date "2022.03.29"]
[WhiteClock "0:00:06"]
[BlackClock "0:00:05"]

1. g4 d5 2. h3 e5 3. Bg2 c6 4. b3 Bd6 5. Bb2 Ne7 6. e3 Nd7 7. d3 Nf8 8. Nd2 Nfg6 9. Ndf3 h5 10. gxh5 Rxh5 11. Ne2 Nh4 12. Nxh4 Rxh4 13. Ng3 Be6 14. Nh5 Nf5 15. e4 dxe4 16. dxe4 Bb4+ 17. c3 Qa5 18. cxb4 Qxb4+ 19. Kf1 Rxe4 20. Bxe4 Qxe4 21. Kg1 Bd5 22. Rh2 Nh4 23. Qg4 Nf3+ 24. Kh1 Qe2 25. Nxg7+ Kd8 26. Rg2 Qxb2 27. Rd1 Qe2 28. Rc1 Nd4 29. Qxe2 Nxe2 30. Rd1 Nd4 31. Kh2 Bxg2 32. Kxg2 Ke7 33. Nh5 Rg8+ 34. Ng3 f5 35. Kf1 Ke6 36. Re1 e4 37. h4 Ke5 38. h5 Nf3 39. Re3 Rd8 40. Kg2 Rd1 41. Nf1 Kf4 42. h6 Rd6 43. h7 Rh6 44. Ng3 Rh2+ 45. Kf1 Rxh7 46. Rc3 Rd7 47. Rc5 Kg4 48. Ke2 Rd2+ 49. Ke3 Rxa2 50. Nxf5 Rb2 51. Nh6+ Kh4 52. Kxe4 Nd2+ 53. Ke3 Nxb3 54. Re5 Nc1 55. Kf3 Rb3+ 56. Kg2 Nd3 57. Re4+ Kg5 58. Nf7+ Kf5 59. Nd6+ Kf6 60. f4 Nc5 61. Re5 Rb2+ 62. Kf3 Nd3 63. Ne4+ Kf7 64. Nd6+ Kf6 65. Ne4+ Kf7 66. Ng5+ Kg7 67. Re7+ Kf6 68. Rf7+ Kg6 69. Rd7 Rf2+ 70. Kg3 Rxf4 71. Ne6 Rf6 72. Nd8 Ne5 73. Rxb7 c5 74. Rc7 c4 75. Nb7 Rc6 76. Re7 Nd3 77. Na5 Rc5 78. Nb7 Rc8 79. Nd6 Rc6 80. Nb5 c3 81. Nd4 c2 82. Nxc2 Rxc2 83. Rxa7 Ne5 84. Ra6+ Rc6 85. Ra5 Nf7 86. Kf4 Rf6+ 87. Kg4 Re6 88. Ra3 Kf6 89. Kf4 Ke7 90. Kf5 Re5+ 91. Kf4 Re6 92. Ra7+ Kf6 93. Ra5 Nd6 94. Rh5 Re4+ 95. Kf3 Re5 96. Rh6+ Ke7 97. Kf4 Re6 98. Rxe6+ Kxe6 1/2-1/2


[Site "https://www.chess.com"]

[Event "Titled Tuesday Blitz March 29 Late 2022"]
[White "Vasquez Schroeder, Rodrigo"]
[Black "Chiu, Isaac"]
[WhiteFideId "3400042"]
[BlackFideId "30900654"]
[WhiteElo "2561"]
[BlackElo "2117"]
[Result "1-0"]
[Round "02"]
[TimeControl "180+1"]
[Date "2022.03.29"]
[WhiteClock "0:01:56"]
[BlackClock "0:01:50"]

1. e4 e5 2. Nf3 Nc6 3. Bb5 a6 4. Ba4 Nf6 5. O-O Be7 6. Re1 b5 7. Bb3 d6 8. c3 O-O 9. h3 Nb8 10. d4 Nbd7 11. Nbd2 Bb7 12. Bc2 Re8 13. a4 c6 14. Bd3 Bf8 15. b3 g6 16. Bb2 Qc7 17. Qc2 Nb6 18. Bf1 Bg7 19. dxe5 dxe5 20. c4 bxa4 21. c5 Nbd7 22. Rxa4 Bf8 23. Ba3 a5 24. Qc3 Ba6 25. Bxa6 Rxa6 26. Ra1 Rb8 27. Ne1 Rb5 28. Nd3 Ra8 29. Rc1 Bh6 30. Rc2 Bxd2 31. Rxd2 Nxe4 32. Rxe4 1-0


[Site "https://www.chess.com"]